Map: Year Zero LE

Players

시노카제

  • Race: Protoss Protoss
  • League: Bronze
  • Spawn Location: 11:00

playezvibe - Winner!

  • Race: Zerg Zerg
  • League: Silver
  • Spawn Location: 1:00

VOD

Have the link to the VOD?

Description

Time

  • Played on: May 21, 2019, 8:17 p.m.
  • Length: 16:09
Show
View Real Time Build Order
Export as new Build Order

시노카제 Protoss 

Build Orders:  

Get SALT Encoding   

  1  0:00  Probe  
  13  0:19  Pylon  
  13  0:22  Probe  
  14  0:34  Probe  
  15  0:39  Gateway  
  15  1:04  Pylon  
  15  1:05  Forge  
  15  1:06  Probe  
  16  1:14  Probe  
  17  1:21  Assimilator  
  17  1:23  Probe  
  17  1:25  Assimilator  
  17  1:31  Zealot  
  20  1:48  Photon Cannon  
  20  1:51  Photon Cannon  
  20  2:02  Photon Cannon  
  20  2:08  Probe  
  21  2:16  Probe  
  22  2:25  Probe  
  23  2:37  Probe  
  23  2:43  Pylon  
  24  2:50  Probe  
  24  2:51  Cybernetics Core  
  25  3:02  Probe  
  26  3:17  Gateway  
  26  3:18  Gateway  
  26  3:24  Gateway  
  26  3:28  Warp Gate  
  26  3:38  Stargate  
  26  4:14  Nexus  
  26  4:23  Void Ray  
  30  4:56  Pylon  
  30  5:00  Pylon  
  30  5:03  Pylon  
  30  5:06  Pylon  
  30  5:07  Assimilator  
  30  5:09  Pylon  
  30  5:10  Assimilator  
  30  5:16  Void Ray  
  34  5:27  Probe  
  34  5:35  Probe  
  36  5:44  Probe  
  37  5:56  Probe  
  38  5:59  Void Ray  
  42  6:08  Probe  
  43  6:20  Probe  
  43  6:25  Adept  
  46  6:27  Adept  
  46  6:29  Sentry  
  46  6:31  Sentry  
  52  6:33  Probe  
  53  6:41  Probe  
  54  6:49  Probe  
  55  6:58  Fleet Beacon  
  55  6:59  Probe  
  55  7:06  Stargate  
  56  7:11  Probe  
  57  7:18  Adept  
  57  7:20  Adept  
  57  7:22  Adept  
  63  7:24  Adept  
  63  7:29  Probe  
  66  7:37  Probe  
  67  7:46  Probe  
  67  7:47  Void Ray  
  72  7:58  Probe  
  73  8:07  Tempest  
  73  8:10  Probe  
  79  8:28  Probe  
  80  8:37  Probe  
  81  8:45  Probe  
  81  8:50  Tempest  
  81  8:55  Probe  
  88  9:07  Probe  
  89  9:16  Nexus  
  89  9:19  Pylon  
  89  9:23  Pylon  
  89  9:27  Assimilator  
  89  9:31  Assimilator  
  89  9:32  Pylon  
  89  9:34  Pylon  
  89  9:36  Pylon, Mothership  
  97  9:40  Pylon  
  97  9:42  Pylon  
  97  9:50  Photon Cannon  
  97  9:51  Photon Cannon  
  97  9:53  Photon Cannon  
  97  9:55  Photon Cannon  
  97  9:58  Photon Cannon  
  97  10:21  Pylon  
  97  10:24  Pylon  
  97  10:28  Pylon, Photon Cannon  
  97  10:31  Photon Cannon  
  97  10:34  Photon Cannon  
  97  10:37  Photon Cannon  
  97  10:54  Photon Cannon  
  97  10:56  Photon Cannon  
  97  10:59  Photon Cannon  
  97  11:01  Photon Cannon  
  97  11:53  Tempest  
  102  12:06  Void Ray  
  106  12:36  Tempest  
  111  12:49  Void Ray  
  115  12:53  Protoss Ground Weapons Level 1  
  115  13:18  Tempest  
  120  13:30  Stargate  
  120  13:32  Void Ray  
  124  14:01  Tempest  
  129  14:13  Pylon  
  129  14:14  Pylon x2  
  129  14:15  Void Ray  
  133  14:18  Carrier  
  116  14:44  Tempest  
  93  14:57  Void Ray  
Show
View Real Time Build Order
Export as new Build Order

playezvibe Zerg - Winner!

Build Orders: Pool First 

Get SALT Encoding   

  12  0:10  Overlord  
  12  0:23  Drone x2  
  14  0:28  Extractor  
  13  0:38  Drone x2  
  15  0:50  Spawning Pool  
  14  1:05  Drone x2  
  16  1:21  Drone x2  
  18  1:35  Drone  
  18  1:37  Metabolic Boost  
  19  1:52  Drone x2  
  21  1:57  Hatchery  
  20  2:22  Roach Warren  
  19  2:28  Overlord x2  
  19  2:29  Overlord  
  19  2:38  Lair  
  19  2:56  Drone x2  
  21  3:13  Zergling x2  
  22  3:25  Pneumatized Carapace  
  22  3:36  Drone x3  
  25  3:46  Drone x3  
  27  4:07  Drone x2  
  27  4:08  Queen  
  31  4:13  Drone x2  
  33  4:22  Drone x2  
  35  4:46  Hydralisk Den  
  34  4:56  Extractor  
  33  5:01  Extractor  
  32  5:10  Drone x3  
  32  5:13  Hatchery, Queen  
  36  5:16  Overlord x3  
  36  5:18  Overseer  
  36  5:32  Drone x3  
  39  5:50  Drone x2  
  41  6:07  Drone x2  
  43  6:15  Overlord x3  
  43  6:24  Drone x2  
  43  6:25  Drone  
  46  6:29  Spore Crawler  
  45  6:35  Queen  
  45  6:37  Drone  
  45  6:38  Drone  
  49  6:45  Spore Crawler  
  49  6:46  Overlord x4  
  48  6:54  Extractor  
  48  6:58  Extractor  
  46  7:02  Hydralisk  
  46  7:03  Hydralisk x4  
  56  7:10  Evolution Chamber  
  56  7:14  Evolution Chamber  
  54  7:15  Grooved Spines  
  54  7:26  Drone  
  54  7:27  Drone x2  
  57  7:34  Drone x6  
  63  7:44  Lair  
  63  7:49  Drone  
  64  7:56  Hydralisk  
  64  7:57  Hydralisk  
  68  8:01  Overlord x3  
  68  8:19  Zerg Missile Weapons Level 1  
  68  8:20  Zerg Ground Armor Level 1  
  68  8:26  Drone x4  
  72  8:27  Drone  
  73  8:42  Drone  
  73  8:43  Drone x4  
  78  8:50  Overlord  
  78  8:51  Overlord x4  
  78  8:54  Overseer  
  78  9:05  Hydralisk x5  
  88  9:22  Overlord x3  
  88  9:25  Overseer  
  88  9:31  Hydralisk x2  
  92  9:39  Hydralisk x2  
  92  9:40  Hydralisk  
  92  9:44  Hydralisk x4  
  92  9:45  Hydralisk x2  
  110  9:59  Overlord  
  110  10:00  Overlord x2  
  110  10:11  Hydralisk x2  
  114  10:16  Zerg Missile Weapons Level 2  
  114  10:17  Zerg Ground Armor Level 2  
  114  10:22  Infestation Pit  
  113  10:38  Overseer  
  113  10:42  Hatchery  
  113  10:43  Hydralisk x3  
  113  10:48  Hydralisk x6  
  130  10:54  Hydralisk x3  
  136  11:05  Hydralisk  
  136  11:09  Hydralisk  
  140  11:26  Hydralisk x2  
  144  11:51  Hydralisk x4  
  144  11:52  Hydralisk x2  
  156  11:57  Hydralisk x5  
  166  12:02  Hive  
  166  12:04  Hive  
  166  12:07  Lair  
  166  12:11  Lair  
  166  12:13  Drone x2  
  168  12:31  Hydralisk x3  
  174  12:40  Muscular Augments  
  174  12:45  Hydralisk x2  
  174  12:46  Hydralisk  
  180  12:56  Extractor  
  179  12:59  Extractor  
  179  13:01  Hydralisk  
  179  13:02  Hydralisk  
  182  13:11  Hydralisk x2  
  186  13:17  Hydralisk x3  
  186  13:18  Hydralisk x4  
  200  13:26  Zerg Missile Weapons Level 3  
Tags
 
Matchup
PvZ
Opening
Pool First
Spawn Locations
Close Positions
Add a new tag
Caveats
  • Supply blocks, unpowered buildings, or Contaminate may cause inaccurate times.
  • Supply counts are checked every 10 seconds.